 Dungeon Sprint DCSS version 0.30-a0-1163-gf69bf04e7a (webtiles) character file.

Game seed: 717039556236069532

31 sircluck the Covert (level 3, -11/23 HPs)
             Began as a Kobold Brigand on Apr 28, 2023.
             Mangled by a sun demon (15 damage)
             ... in the Dungeon (Sprint VII: "The Pits").
             The game lasted 00:00:27 (427 turns).

sircluck the Covert (Kobold Brigand)                 Turns: 427, Time: 00:00:27

Health: -11/23     AC:  3    Str:  8    XL:     3   Next: 40%
Magic:  3/3        EV: 14    Int: 12    God:
Gold:   0          SH:  0    Dex: 18    Spells: 2/2 levels left

rFire   . . .        a - +2 dagger
rCold   . . .        (no shield)
rNeg    . . .        b - +0 robe
rPois   .            (no helmet)
rElec   .            c - +0 cloak
rCorr   .            (no gloves)
SInv    .            (no boots)
Will    .....        (no amulet)
Stlth   +++++        (no ring)
HPRegen 0.23/turn    (no ring)
MPRegen 0.08/turn

%: no teleportation
@: no status effects
A: small, no large weapons, nightstalker 3
a: no special abilities


You were in the Dungeon.
You visited 1 branch

Inventory:

Hand Weapons
 a - a +2 dagger (weapon)
Missiles
 d - 7 poisoned darts (quivered)
 e - 3 curare-tipped darts
Armour
 b - a +0 robe (worn)
 c - a +0 cloak (worn)
Scrolls
 k - a scroll of blinking
Potions
 f - a potion of curing
 g - a potion of heal wounds
 h - a potion of haste
 i - 2 potions of magic
 j - a potion of berserk rage


   Skills:
 + Level 3.0 Fighting
 + Level 3.8 Short Blades
 + Level 3.1 Throwing
 + Level 1.9 Dodging
 + Level 8.7 Stealth


You had 2 spell levels left.
You didn't know any spells.
Your spell library was empty.

Dungeon Overview and Level Annotations

Branches:
Dungeon (1/1)

Altars:


Innate Abilities, Weirdness & Mutations

You are small and have problems with some larger weapons.
You are completely attuned to the shadows.


Message History

The hound is severely wounded.
The hound barely misses you. x2
You hit the hound.
The hound is almost dead.
The hound bites you.
* * * LOW HITPOINT WARNING * * *
You hit the hound.
You kill the hound!
Your Fighting skill increases to level 3!
Your Short Blades skill increases to level 3!
Your Throwing skill increases to level 3!
Your Stealth skill gained 3 levels and is now at level 8!
You have reached level 2!
You have reached level 3!
Your experience leads to an increase in your attributes!
Increase (S)trength, (I)ntelligence, or (D)exterity?
You feel agile. x2
Unknown command.
You see here a hound corpse.
There is a huge open gate to the Metal Vault (Medium) here.
You see here a poisoned dart.
d - 7 poisoned darts (gained 1)
You close the huge gate.
You start resting.
HP restored.
You start waiting.
Done waiting.
You start waiting.
Done waiting.
You start waiting.
Done waiting.
You open the huge gate.
There is a huge open gate to the Metal Vault (Medium) here.
The sun demon shouts!
There is a huge open gate to the Metal Vault (Medium) here.
The sun demon hits you.
You are engulfed in flames!
The sun demon hits you!
* * * LOW HITPOINT WARNING * * *
You are engulfed in flames!
Ouch! That really hurt!
You die...

#...............
#......#..#.....
#...............
+...............
#......#..#รท....
#...............
####'#####''####
#.......##''####
#.......##.@....
#.......##.3..##
#...<...##...##
#.......##..##
#.......##..#
#.......#
#########


You could see a sun demon.

Vanquished Creatures
  A hound (D)
1 creature vanquished.

Notes
Turn   | Place    | Note
-------+----------+-------------------------------------------
     0 | D        | sircluck the Kobold Brigand began the quest for the Orb.
     0 | D        | Reached XP level 1. HP: 12/12 MP: 1/1
    17 | D        | Noticed a hound
    17 | D        | Noticed a sun demon
    35 | D        | Killed a hound
    36 | D        | Reached skill level 8 in Stealth
    36 | D        | Reached XP level 2. HP: 2/19 MP: 2/2
    36 | D        | Reached XP level 3. HP: 2/23 MP: 3/3
   427 | D        | Mangled by a sun demon

Illustrated notes

Levels and vault maps discovered:
D:        pitsprint [storerooms_1, entrance_room_1, metal_vault_6, armoury_2,
          mini_pit_1, grid_room_1, main_hall_1, silver_pit, the_coven_3,
          the_vestibule_1, steel_vault_5, golden_pit, hallway_of_sentries,
          crystal_vault_3, iron_vault_2, final_vault]

Skill      XL: |  1 |
---------------+----+-----
Fighting       | 3 |  3.0
Short Blades   | 3 |  3.8
Throwing       | 3 |  3.1
Stealth        | 8 |  8.7
Dodging        | |  1.9

Action                     || total
---------------------------++-------
  Melee: Dagger            ||    12
  Throw: Dart              ||     3
 Armour: Robe              ||     1
  Dodge: Dodged            ||    12

Table legend: (Time is in decaauts)
 A = Elapsed time spent in this place.
 B = Non-inter-level travel time spent in this place.
 C = Inter-level travel time spent in this place.
 D = Time resting spent in this place.
 E = Time spent auto-exploring this place.
 F = Levels seen in this place.
 G = Mean time per level.
                   A        B        C        D        E       F      G
               +--------+--------+--------+--------+--------+-----+--------+
         Total |    425 |    425 |      0 |    382 |     17 |   1 |  425.0 |
       Dungeon |    425 |    425 |      0 |    382 |     17 |   1 |  425.0 |
               +--------+--------+--------+--------+--------+-----+--------+

Top non-repeatable levels by time:
       D: 425 daAuts
